Map: [ESL] Inside and Out

Players

Ukko - Winner!

  • Race: Zerg Zerg
  • Spawn Location: 7:00

Vindicta

  • Race: Terran Terran
  • Spawn Location: 1:00

Event: DreamHack SC2 Masters 2022 Atlanta (Online)

VOD

Have the link to the VOD?

Description

Time

  • Played on: Oct. 7, 2022, 4:47 p.m.
  • Length: 28:24

All games in this series

Show
View Real Time Build Order
Export as new Build Order

Ukko Zerg - Winner!

Build Orders: Hatch First 

Get SALT Encoding   

  12  0:00  Drone  
  13  0:12  Overlord  
  13  0:17  Drone  
  14  0:30  Drone x2  
  16  0:48  Hatchery  
  15  0:51  Drone  
  15  0:55  Drone  
  17  0:57  Drone  
  18  1:10  Extractor  
  17  1:13  Spawning Pool  
  17  1:16  Drone  
  17  1:19  Drone  
  18  1:27  Drone  
  19  1:38  Drone  
  20  1:50  Drone  
  21  2:01  Queen x2  
  21  2:02  Zergling x4  
  21  2:04  Roach Warren  
  26  2:10  Overlord  
  26  2:16  Overlord  
  35  2:44  Roach x6  
  37  2:57  Roach x2  
  41  3:12  Drone x3, Overlord  
  44  3:26  Metabolic Boost  
  44  3:32  Drone x5  
  48  3:34  Drone  
  49  3:52  Drone x3  
  52  3:57  Overlord  
  48  4:07  Queen x2  
  48  4:10  Hatchery  
  43  4:17  Overlord x2  
  43  4:19  Roach  
  43  4:22  Roach  
  43  4:27  Zergling x4  
  45  4:39  Drone  
  45  4:40  Drone  
  45  4:42  Queen  
  45  4:43  Queen  
  51  4:47  Zergling x6  
  51  4:48  Drone  
  51  4:49  Drone  
  56  4:53  Overlord  
  56  4:54  Drone  
  57  5:05  Drone x2  
  59  5:09  Drone  
  60  5:15  Drone x6  
  60  5:18  Queen x2  
  69  5:23  Queen  
  71  5:32  Drone x4  
  71  5:35  Drone  
  76  5:43  Drone x5, Extractor  
  76  5:44  Evolution Chamber  
  79  5:54  Overlord x2  
  79  5:56  Hatchery  
  78  5:57  Drone  
  78  6:03  Drone x3  
  82  6:08  Evolution Chamber  
  82  6:11  Zerg Ground Armor Level 1  
  81  6:18  Hatchery  
  80  6:20  Drone x5  
  80  6:23  Lair  
  85  6:26  Baneling Nest, Drone  
  85  6:31  Extractor  
  85  6:32  Drone x3, Extractor  
  86  6:34  Drone x2  
  88  6:40  Drone x6  
  88  6:43  Overlord  
  88  6:46  Overlord  
  94  6:50  Drone x4  
  98  6:55  Overlord x2  
  98  6:58  Zerg Melee Weapons Level 1  
  98  7:05  Zergling x18  
  107  7:15  Baneling x6  
  107  7:16  Baneling x2  
  107  7:18  Roach  
  107  7:19  Zergling x2  
  107  7:22  Zergling x6  
  113  7:24  Hatchery  
  113  7:26  Zergling x8  
  116  7:32  Centrifugal Hooks  
  116  7:38  Drone x2  
  116  7:39  Hydralisk Den  
  116  7:40  Zergling x12, Extractor  
  116  7:42  Extractor  
  121  7:44  Zergling x8  
  121  7:50  Baneling x5  
  121  7:51  Zergling x8  
  129  7:54  Drone x2  
  129  7:57  Drone  
  132  8:05  Zergling x24  
  140  8:11  Zerg Ground Armor Level 2  
  138  8:15  Zergling x10  
  139  8:25  Drone x2  
  139  8:27  Overlord x6  
  141  8:30  Baneling x2  
  141  8:48  Zergling x28  
  141  8:49  Zergling x10  
  141  8:55  Baneling x5  
  148  9:02  Zerg Melee Weapons Level 2  
  148  9:04  Zergling x22  
  148  9:05  Zergling x6, Infestation Pit  
  148  9:06  Baneling x3  
  148  9:07  Ravager x3  
  158  9:11  Zergling x8  
  158  9:13  Zergling x4  
  158  9:19  Zergling x12  
  155  9:25  Drone x7  
  162  9:34  Muscular Augments  
  162  9:36  Baneling x9  
  162  9:37  Zergling x10  
  167  9:40  Overseer  
  167  9:45  Drone x7  
  174  9:46  Drone  
  174  9:50  Baneling x6  
  174  9:51  Zergling x6  
  178  10:02  Zergling x22  
  189  10:08  Baneling x8  
  177  10:19  Zergling x34  
  190  10:24  Hive  
  190  10:26  Overlord x2  
  189  10:30  Hydralisk x3  
  189  10:31  Spore Crawler  
  189  10:35  Zerg Missile Weapons Level 1  
  193  10:43  Baneling  
  193  10:44  Baneling x4  
  193  10:46  Grooved Spines  
  190  11:02  Hydralisk x5  
  190  11:03  Zergling x2, Hatchery  
  200  11:10  Baneling  
  187  11:42  Zergling x16  
  168  11:47  Zergling x38  
  179  11:55  Zergling x4  
  179  11:56  Zergling x38  
  179  11:59  Baneling x11  
  179  12:00  Zerg Ground Armor Level 3, Adrenal Glands  
  199  12:15  Baneling x7  
  199  12:22  Zergling x44  
  175  12:31  Zergling x12  
  145  12:39  Hydralisk x7  
  145  12:40  Zergling x4  
  145  12:41  Zergling x6  
  145  12:43  Queen x4  
  166  12:47  Zergling x14  
  173  12:53  Drone x3  
  173  12:54  Extractor  
  173  12:56  Baneling x9, Extractor  
  174  12:58  Zergling x14  
  174  13:03  Overseer  
  181  13:09  Zergling x10  
  181  13:10  Zergling x10  
  181  13:11  Zerg Missile Weapons Level 2  
  189  13:16  Baneling x5  
  188  13:25  Zergling x4  
  188  13:26  Zergling x30  
  157  13:32  Zergling x6  
  156  13:40  Drone x7  
  163  13:42  Drone x3  
  163  13:43  Drone x3  
  163  13:45  Baneling x19  
  163  13:46  Zergling x18  
  176  14:12  Zergling x48  
  200  14:17  Baneling x3  
  200  14:18  Baneling  
  200  14:37  Zerg Melee Weapons Level 3  
  200  14:46  Overseer x2  
  200  14:47  Overseer x2, Pneumatized Carapace  
  200  14:49  Burrow  
  200  14:52  Extractor  
  198  15:17  Extractor x2  
  198  15:18  Lurker Den  
  198  15:19  Hatchery  
  193  15:25  Hatchery  
  193  15:26  Hydralisk x4, Nydus Network  
  199  15:29  Nydus Network  
  199  15:35  Zerg Missile Weapons Level 3  
  198  15:41  Baneling x5  
  198  15:53  Drone x2  
  198  16:04  Zergling x16  
  198  16:12  Overseer x2  
  198  16:20  Seismic Spines  
  191  16:42  Lurker x8  
  191  16:45  Zergling x2  
  196  17:00  Zergling x6  
  196  17:01  Zergling x10  
  199  17:17  Nydus Canal, Adaptive Talons  
  199  17:28  Zergling x6  
  199  17:29  Zergling x4  
  200  17:31  Nydus Canal  
  200  17:37  Hydralisk x9  
  184  17:38  Zergling x8  
  184  17:42  Zergling x46  
  199  17:46  Nydus Canal  
  171  18:13  Overseer x6  
  171  18:14  Zergling x50  
  190  18:34  Zergling x4  
  190  18:35  Zergling x10  
  197  18:56  Baneling x9  
  197  19:08  Hydralisk  
  197  19:09  Zergling x22  
  197  19:10  Zergling x20  
  197  19:15  Zergling x6  
  171  19:24  Zergling x12  
  159  19:26  Zergling x2  
  159  19:31  Lurker  
  161  19:33  Baneling x6  
  161  19:34  Zergling x26  
  173  19:43  Zergling x26  
  165  19:49  Hydralisk, Overlord x8  
  165  19:51  Overseer x2  
  162  19:56  Overlord x2  
  162  19:59  Baneling x4  
  152  20:07  Zergling x16  
  152  20:09  Zergling x26  
  154  20:15  Hydralisk x7  
  154  20:18  Baneling x20  
  154  20:19  Zergling x4  
  172  20:25  Zergling x12  
  179  20:30  Zergling x6  
  179  20:31  Zergling x6, Overseer  
  179  20:34  Overseer  
  179  20:35  Overseer  
  179  20:45  Zergling x32  
  179  20:46  Zergling x6  
  179  20:48  Baneling x4  
  198  20:55  Zergling x4  
  191  21:06  Zergling x38  
  170  21:13  Zergling x10  
  170  21:16  Baneling x4  
  170  21:17  Baneling x38  
  167  21:18  Zergling x14  
  167  21:24  Zergling x10  
  177  21:26  Nydus Canal  
  177  21:30  Zergling x18  
  177  21:31  Overlord  
  177  21:32  Overlord x3  
  164  21:49  Zergling x18  
  164  21:50  Zergling x12  
  142  22:03  Hydralisk x7  
  142  22:04  Zergling x16  
  142  22:07  Baneling x5, Hatchery  
  142  22:08  Baneling x23  
  162  22:15  Overseer x2  
  162  22:16  Overseer x6  
  162  22:21  Zergling x10  
  163  22:34  Zergling x14  
  153  22:45  Zergling x10  
  142  22:52  Zergling x8  
  142  22:53  Zergling x2  
  142  22:55  Baneling x2  
  145  23:14  Lurker x3  
  145  23:15  Lurker x7  
  145  23:16  Lurker  
  145  23:19  Lurker  
  157  23:20  Lurker  
  156  23:32  Baneling x5  
  141  23:48  Zergling x18  
  127  23:55  Hydralisk  
  129  24:07  Hydralisk x2  
  131  24:33  Hatchery  
  126  24:48  Hydralisk x4  
  134  24:54  Nydus Canal  
  134  24:56  Overseer x6  
  111  25:44  Overseer  
  111  25:52  Overseer x2  
  111  25:59  Hydralisk x3  
  111  26:00  Hydralisk x5  
  127  26:12  Zergling x10  
  132  26:23  Spore Crawler  
  132  26:24  Spore Crawler  
  130  26:30  Zergling x12  
  136  26:43  Infestor x3  
  138  26:51  Overseer x5  
  126  27:09  Infestor x2  
  134  27:17  Drone x16  
  132  27:24  Infestor  
  132  27:25  Infestor  
  116  27:38  Baneling x5  
  116  28:04  Nydus Canal  
Show
View Real Time Build Order
Export as new Build Order

Vindicta Terran 

Build Orders: Reaper Expand 

Get SALT Encoding   

  12  0:00  SCV  
  13  0:12  SCV  
  14  0:17  Supply Depot  
  14  0:24  SCV  
  15  0:39  SCV, Barracks  
  15  0:42  Refinery  
  16  0:51  SCV  
  17  1:03  SCV  
  18  1:15  SCV  
  19  1:26  Reaper  
  19  1:27  Orbital Command  
  20  1:40  Command Center  
  20  1:51  Supply Depot  
  20  1:53  SCV  
  21  1:58  Marine  
  22  2:05  SCV  
  23  2:09  Factory  
  23  2:17  SCV  
  23  2:19  Barracks Reactor, Refinery  
  24  2:30  SCV  
  25  2:43  SCV  
  26  2:52  Orbital Command  
  26  2:57  Starport  
  26  3:00  SCV  
  26  3:03  Barracks Tech Lab  
  26  3:04  Hellion  
  26  3:05  Hellion  
  32  3:13  Bunker  
  32  3:24  Supply Depot, Marauder  
  32  3:26  Hellion x2  
  37  3:33  Medivac  
  38  3:41  Bunker  
  37  3:47  Hellion, Marauder  
  40  3:56  SCV  
  37  4:13  SCV  
  32  4:18  SCV, Stimpack  
  33  4:25  SCV  
  33  4:30  SCV  
  35  4:37  SCV  
  36  4:39  Command Center  
  37  4:49  SCV  
  37  4:51  Factory Reactor  
  37  4:52  SCV  
  38  4:53  Barracks  
  38  4:54  Marine  
  38  4:55  Factory Tech Lab  
  39  5:01  SCV  
  39  5:06  SCV  
  41  5:07  Starport Reactor  
  41  5:08  Barracks  
  41  5:12  Supply Depot  
  41  5:13  SCV  
  42  5:19  SCV  
  43  5:25  SCV  
  44  5:30  Engineering Bay x2  
  44  5:31  SCV  
  46  5:38  SCV  
  46  5:39  Refinery  
  46  5:41  Refinery, Marine  
  48  5:43  SCV, Marine  
  52  5:52  SCV  
  52  5:53  Marine  
  52  5:55  Orbital Command  
  51  5:58  SCV  
  51  6:02  Terran Infantry Armor Level 1, Terran Infantry Weapons Level 1  
  51  6:03  Marine  
  53  6:05  Marine  
  53  6:08  SCV  
  56  6:13  Combat Shield  
  56  6:14  Marine x2  
  56  6:18  SCV  
  59  6:20  Marine, Starport Reactor  
  59  6:21  SCV  
  59  6:22  SCV  
  59  6:23  Marine  
  59  6:24  Marine  
  63  6:32  Siege Tank, Marine  
  67  6:33  SCV  
  67  6:35  SCV  
  67  6:36  Orbital Command  
  69  6:42  Supply Depot  
  69  6:45  Supply Depot  
  69  7:03  Marine  
  69  7:04  SCV x3, Medivac x2  
  69  7:06  Marine x4  
  69  7:07  Supply Depot  
  81  7:16  Barracks, SCV x2  
  81  7:17  SCV, Barracks  
  85  7:26  Supply Depot  
  85  7:28  Marine x2  
  85  7:29  SCV, Siege Tank  
  92  7:30  Supply Depot, Marine  
  92  7:34  Marine  
  92  7:36  Supply Depot  
  93  7:45  SCV  
  93  7:48  SCV x2, Marine x3  
  98  7:52  Supply Depot  
  98  7:53  Armory  
  98  7:57  SCV  
  99  7:58  Marine  
  99  7:59  Supply Depot x2  
  99  8:00  SCV  
  102  8:05  Barracks Reactor  
  102  8:14  Marine  
  102  8:15  Medivac x2, Marine  
  102  8:16  Marine  
  102  8:17  Marine  
  102  8:19  Barracks Reactor  
  107  8:20  SCV x2, Siege Tank  
  107  8:25  SCV  
  114  8:29  Supply Depot  
  114  8:32  SCV, Marine  
  114  8:33  Marine  
  116  8:34  Marine  
  116  8:37  Marine x2  
  116  8:38  Refinery  
  118  8:42  Marine  
  118  8:43  Marine  
  118  8:44  Liberator  
  118  8:45  Liberator  
  126  8:49  SCV, Marine  
  126  8:51  Marine  
  126  8:52  Marine  
  122  8:58  Marine  
  122  9:02  Marine  
  126  9:03  SCV x2  
  126  9:09  Terran Infantry Armor Level 2, Terran Infantry Weapons Level 2  
  126  9:11  Marine  
  126  9:12  Marine  
  126  9:13  Marine x4  
  116  9:26  SCV x2  
  116  9:27  Medivac  
  116  9:28  Medivac  
  116  9:31  Factory, Marine  
  122  9:32  Marine  
  122  9:33  Marine  
  122  9:36  Command Center  
  125  9:39  Siege Tank  
  125  9:42  SCV x2  
  125  9:43  Refinery  
  125  9:44  Terran Vehicle Weapons Level 1  
  125  9:45  SCV  
  130  9:50  Marine  
  130  9:51  Marine  
  130  9:52  Marine  
  133  9:53  Supply Depot  
  133  9:54  SCV, Marine  
  133  9:56  Marine x2  
  133  9:57  Marine  
  133  9:58  Marine  
  140  10:01  SCV x2  
  142  10:10  Marine  
  142  10:11  Marine x2  
  142  10:12  Marine  
  141  10:14  Marine x3  
  141  10:17  Siege Tank  
  141  10:18  Factory Tech Lab  
  140  10:24  Sensor Tower  
  140  10:25  Liberator, Supply Depot  
  140  10:26  Liberator  
  140  10:27  SCV  
  146  10:31  Marine  
  146  10:33  Marine  
  146  10:34  Marine  
  149  10:40  Siege Tank, Marine  
  151  10:42  Marine  
  151  10:43  Marine  
  151  10:45  SCV, Marine x2  
  151  10:49  Siege Tank, Marine  
  161  10:51  SCV x2  
  162  11:00  Marine  
  162  11:01  Marauder  
  163  11:07  Liberator, Barracks  
  163  11:08  Barracks  
  163  11:09  Marine  
  163  11:10  Marine  
  168  11:14  SCV  
  168  11:15  SCV  
  170  11:19  Siege Tank  
  173  11:28  Barracks  
  173  11:29  Siege Tank  
  173  11:32  SCV x2  
  176  11:33  Refinery  
  176  11:34  Refinery  
  176  11:37  Liberator  
  178  11:45  Marine  
  168  11:48  Marine  
  168  11:49  Marine x3  
  168  11:51  Siege Tank  
  168  11:53  Marine  
  171  11:58  Barracks Tech Lab  
  174  12:01  Terran Vehicle Weapons Level 2, Siege Tank  
  174  12:03  Ghost Academy  
  172  12:09  Barracks Tech Lab  
  172  12:10  Terran Infantry Weapons Level 3  
  172  12:22  Marine  
  163  12:23  Siege Tank  
  163  12:26  Marine x2  
  163  12:27  Marauder, Marine x4  
  163  12:28  Marine x2  
  163  12:29  Marine  
  139  12:33  Siege Tank  
  112  12:38  SCV x3  
  112  12:40  Marine  
  114  12:44  Marine x2  
  114  12:45  Planetary Fortress, Marine  
  114  12:48  Marine  
  114  12:49  Marauder, Marine  
  114  12:50  Marine  
  122  12:53  Marine  
  122  12:57  SCV  
  126  13:03  Terran Infantry Armor Level 3  
  124  13:07  Siege Tank  
  124  13:11  Marine  
  132  13:14  Marine x2  
  132  13:15  Marauder, Marine  
  132  13:17  SCV x2  
  138  13:25  Marine  
  138  13:26  SCV, Marine  
  138  13:27  Marauder, Marine x2  
  137  13:30  SCV x2  
  137  13:33  Marine  
  143  13:34  Marine  
  143  13:36  Marauder  
  143  13:38  Liberator  
  143  13:39  Siege Tank  
  143  13:40  Liberator, Marine  
  153  13:46  Barracks, SCV x3  
  151  13:48  Barracks  
  151  13:49  Marauder  
  151  13:50  Marauder  
  151  13:54  Marine x2  
  151  13:55  Marine x2  
  158  13:58  Marauder, Marine  
  158  14:01  Siege Tank  
  165  14:03  Refinery x2  
  165  14:04  SCV, Marine  
  165  14:06  SCV  
  168  14:10  Supply Depot  
  168  14:11  Supply Depot  
  168  14:13  Marauder  
  168  14:14  Marauder  
  172  14:27  Marauder  
  172  14:28  Siege Tank  
  172  14:31  Liberator  
  172  14:34  Marauder  
  172  14:36  Terran Vehicle And Ship Armor Level 1  
  168  14:45  Barracks Tech Lab  
  168  14:46  Barracks Tech Lab  
  168  14:48  Command Center, SCV  
  168  14:50  Marauder  
  168  14:52  Marauder  
  173  14:56  Neosteel Armor  
  173  15:02  Ghost  
  173  15:06  Siege Tank  
  178  15:10  Supply Depot  
  178  15:11  Siege Tank  
  181  15:16  Liberator  
  181  15:21  Ghost  
  184  15:24  Sensor Tower, Ghost  
  188  15:32  Reaper  
  188  15:33  Concussive Shells  
  189  15:41  Ghost  
  193  15:46  Supply Depot  
  193  15:48  Personal Cloaking  
  191  15:50  Ghost  
  191  15:53  Bunker  
  191  15:54  Ghost Academy  
  193  15:57  Ghost  
  189  16:08  Orbital Command  
  189  16:11  Liberator  
  187  16:12  Command Center  
  190  16:23  Ghost  
  190  16:25  Nuke  
  192  16:29  Ghost  
  192  16:32  Missile Turret x2  
  192  16:34  Ghost  
  194  16:40  Ghost  
  198  16:56  Terran Vehicle Weapons Level 3  
  195  17:03  Ghost  
  195  17:07  Viking  
  196  17:10  Bunker  
  196  17:12  Ghost  
  196  17:14  Nuke  
  198  17:23  Ghost  
  198  17:25  Command Center  
  193  17:30  Command Center  
  193  17:31  Siege Tank  
  193  17:32  Ghost  
  195  17:39  Orbital Command  
  195  17:43  Supply Depot  
  192  17:51  Ghost  
  192  18:05  Siege Tank  
  193  18:06  Siege Tank  
  183  18:25  Nuke  
  181  18:36  Nuke  
  181  18:37  Siege Tank, Ghost  
  181  18:38  Siege Tank, Orbital Command  
  181  18:41  Marine x3  
  185  18:42  Marine x4  
  194  19:00  Bunker x3, Marine  
  193  19:03  Orbital Command  
  193  19:04  Refinery  
  193  19:05  Refinery  
  193  19:09  Siege Tank  
  185  19:10  Siege Tank  
  185  19:11  Marine  
  185  19:12  Marine  
  185  19:16  Marauder, Marine  
  158  19:17  Marine  
  158  19:18  Marine  
  158  19:21  Marine  
  154  19:28  Marauder x2, Marine x4  
  154  19:31  Marine  
  163  19:34  Marine  
  164  19:38  Marine x2  
  164  19:41  Marine  
  167  19:52  Siege Tank x2  
  168  19:58  SCV x2  
  170  20:02  Marine  
  170  20:05  Orbital Command  
  163  20:10  Marine  
  163  20:13  Marine  
  159  20:24  Siege Tank x2  
  159  20:27  SCV  
  164  20:29  Planetary Fortress  
  164  20:40  Bunker  
  164  20:41  Bunker  
  164  20:42  Bunker  
  163  20:45  Bunker  
  163  20:47  Ghost  
  167  20:50  Marine x2  
  167  20:52  Refinery, Marine x2  
  167  20:54  SCV  
  167  20:56  Nuke, Siege Tank  
  167  20:57  Marine  
  173  20:58  Marine x3  
  173  21:00  Marauder  
  173  21:03  Siege Tank  
  173  21:04  SCV, Marine x2  
  179  21:08  Marine  
  179  21:09  Marine  
  147  21:11  Marine  
  147  21:15  Marine  
  147  21:16  Marine x2  
  146  21:19  SCV x2  
  146  21:21  Medivac  
  146  21:23  Medivac  
  146  21:24  SCV x2  
  146  21:25  Marine  
  155  21:28  Marine  
  155  21:29  Widow Mine  
  160  21:33  Marine  
  160  21:34  Marine  
  160  21:38  Bunker  
  160  21:39  SCV x2  
  162  21:40  Bunker  
  162  21:42  Bunker  
  162  21:43  Marauder  
  161  21:49  Marine  
  112  21:54  Marine  
  116  22:09  SCV x3  
  116  22:12  SCV  
  116  22:14  Widow Mine, Drilling Claws  
  117  22:17  Marine, Orbital Command  
  117  22:20  Marine  
  119  22:24  Marine  
  118  22:30  Widow Mine  
  119  22:38  Widow Mine  
  119  22:39  Marine  
  102  22:45  Marine  
  102  22:46  Marine  
  102  22:49  Marine  
  93  22:54  Orbital Command  
  93  22:55  Marine  
  94  23:03  Marine  
  95  23:06  Marine  
  95  23:10  Marine  
  97  23:18  Widow Mine  
  99  23:21  Marine  
  100  23:28  Marine x2  
  102  23:34  Marine x2  
  102  23:36  Orbital Command, Marine  
  105  23:47  Orbital Command  
  92  23:54  Marine  
  86  23:59  Liberator, Marine  
  76  24:04  Marine  
  78  24:13  Marine  
  79  24:22  Marine  
  79  24:25  Marine  
  79  24:26  Marine  
  81  24:33  Marine  
  81  24:35  Marine  
  83  24:39  Marine x2  
  83  24:40  Marine  
  85  24:46  Marine  
  85  24:50  Marine  
  86  24:55  Marine  
  87  25:01  Marine  
  88  25:14  Marine x2  
  84  25:30  Orbital Command  
  84  25:33  Orbital Command  
  84  25:34  Liberator  
  79  25:50  Marine x2  
  79  25:53  Orbital Command  
  79  26:08  Orbital Command  
  79  26:09  Liberator  
  81  26:27  Marine  
  81  26:30  Marine x2  
  84  26:46  Marine  
  82  26:47  Marine  
  83  27:07  Marine x2  
Tags
 
Add a new tag
Caveats
  • Supply blocks, unpowered buildings, or Contaminate may cause inaccurate times.
  • Supply counts are checked every 10 seconds.